 Dungeon Crawl Stone Soup version 0.32-a0-422-g28b100f618 (webtiles) character file.

Game seed: 6050192883606715258

135 cforsyth the Slasher (level 5, -1/41 HPs)
             Began as a Coglin Gladiator on Feb 21, 2024.
             Killed from afar by an orc wizard (7 damage)
             ... with a puff of flame
             ... on level 3 of the Dungeon.
             The game lasted 00:02:29 (2058 turns).

cforsyth the Slasher (Coglin Gladiator)             Turns: 2058, Time: 00:02:30

Health: -1/41      AC:  5    Str: 15    XL:     5   Next: 18%
Magic:  5/5        EV: 12    Int:  7    God:
Gold:   70         SH:  0    Dex: 17    Spells: 4/4 levels left

rFire   . . .        a - +0 long sword {Æðelind}
rCold   . . .        m - +1 dagger {Pete}
rNeg    . . .        b - +0 leather armour
rPois   .            c - +0 helmet
rElec   .            (no cloak)
rCorr   .            (no gloves)
SInv    .            k - +0 pair of boots
Will    .....        (no amulet)
Stlth   +            (no ring)
HPRegen 0.26/turn    (no ring)
MPRegen 0.09/turn

%: no passive effects
@: attractive, revving
A: off-hand wielding, slow wielding, warmup strikes, legs shutdown
a: no special abilities


You were on level 3 of the Dungeon.
You visited 1 branch of the dungeon, and saw 3 of its levels.

You collected 70 gold pieces.


Innate Abilities, Weirdness & Mutations

You can wield a second weapon in your off-hand.
It takes a long time for you to wield or remove held weapons.
Your first few attacks do less damage.
Attacking and casting redirects power from your legs.


   Skills:
 + Level 3.4 Fighting
 + Level 4.0 Long Blades
 - Level 1.7 Throwing
 + Level 2.2 Armour
 - Level 2.6 Dodging


You had 4 spell levels left.
You didn't know any spells.
Your spell library was empty.

Inventory:

Hand Weapons
 a - a +0 long sword (weapon) {Æðelind}
 m - a +1 dagger (offhand) {Pete}
Missiles
 d - 3 throwing nets (quivered) {=f}
 e - a javelin
Armour
 b - a +0 leather armour (worn)
 c - a +0 helmet (worn)
 k - a +0 pair of boots (worn)

Dungeon Overview and Level Annotations

Branches:
Dungeon (3/15)

Altars:

#...........# ####)..........#
.)..#######.#..# ###.##
#.##.## #.....###.##.#. ...
.............#.## ...
........#.##.##.## ..#
.........#..#§###g######..# .
.........#...§§@{o........#..
..........#.#.§o##§...........
.. .....§g.............. .
.....#................<
....##......#.........#.. ....
#............##### ...
.............## ##
##...........# ........#


You could see an orc wizard, an orc and 2 goblins.


Message History

Unknown command.
This is a scroll of acquirement!
Something appears at your feet!
You hear some strange, mumbled words.
Something tries to affect you, but you resist.
The orc wizard hits you with a +0 dagger.
* * * LOW HITPOINT WARNING * * *
Unknown command.
As you read the scroll labelled IDOFEZXARGHO, it crumbles to dust.
It is a scroll of enchant weapon.
Your +0 dagger {Pete} glows red for a moment.
Something hits you but does no damage.
The orc wizard hits you but does no damage.
As you read the scroll labelled HOXZUR ATZAMO, it crumbles to dust.
It is a scroll of amnesia.
You feel forgetful for a moment. Something hits you but does no damage.
The orc wizard hits you but does no damage.
Unknown command.
As you read the scroll labelled GOMU QOABBUG, it crumbles to dust.
You hear a loud clanging noise!
It was a scroll of noise.
You hear a shout! x5
Something hits you but does no damage.
The orc wizard hits you but does no damage.
As you read the scroll labelled ASTY ZOKLITTIR, it dissolves into smoke.
It was a scroll of fog.
You hear some strange, mumbled words.
A puff of flame appears from out of thin air!
The puff of flame hits you!
You die...

Skill      XL: |  1  2  3  4 |
---------------+-------------+-----
Armour         | 1 2 |  2.2
Fighting       | 3 |  3.4
Long Blades    | 4 |  4.0
Throwing       | |  1.7
Dodging        | |  2.6

Action                     |  1- 3 |  4- 6 || total
---------------------------+-------+-------++-------
  Melee: Long sword        |    63 |    63 ||   126
         Dagger            |       |    44 ||    44
    Use: Scroll            |       |     5 ||     5
         Potion            |       |     1 ||     1
   Stab: Sleeping          |     2 |     1 ||     3
 Armour: Leather armour    |    34 |    76 ||   110
  Dodge: Dodged            |    33 |    72 ||   105

Levels and vault maps discovered:
D:1:      scummos_arrival_checkerplants, layout_loops_ring,
          minmay_misc_feat_encased, serial_bayou_lake_a
D:2:      layout_loops_corners
D:3:      layout_rooms, mainiacjoe_overflow_alcove_4,
          shapermc_ecumenical_altar_totnotflames, guppyfry_early_orc_mine

Notes
Turn   | Place    | Note
-------+----------+-------------------------------------------
     0 | D:1      | cforsyth the Coglin Gladiator began the quest for the Orb.
     0 | D:1      | Reached XP level 1. HP: 16/16 MP: 1/1
   165 | D:1      | Reached XP level 2. HP: 21/22 MP: 2/2
   359 | D:1      | Reached skill level 1 in Armour
   410 | D:1      | Reached XP level 3. HP: 24/28 MP: 3/3
  1054 | D:2      | Reached skill level 3 in Fighting
  1054 | D:2      | Reached XP level 4. HP: 31/35 MP: 4/4
  1906 | D:3      | Reached skill level 2 in Armour
  1959 | D:3      | Reached skill level 4 in Long Blades
  1960 | D:3      | Reached XP level 5. HP: 19/41 MP: 5/5
  2054 | D:3      | Identified a scroll of acquirement
  2054 | D:3      | Acquired a +5 long sword of protection
  2058 | D:3      | Killed from afar by an orc wizard

Vanquished Creatures
  3 adders (D:2)
  3 dart slugs
  6 orcs (D:3)
  2 ball pythons (D:2)
  3 bats (D:2)
  5 endoplasms
  4 giant cockroaches (D:1)
  3 goblins
  5 hobgoblins
  5 jackals (D:3)
  2 quokkas
  4 kobolds
  7 rats
52 creatures vanquished.

Table legend: (Time is in decaauts)
 A = Elapsed time spent in this place.
 B = Non-inter-level travel time spent in this place.
 C = Inter-level travel time spent in this place.
 D = Time resting spent in this place.
 E = Time spent auto-exploring this place.
 F = Levels seen in this place.
 G = Mean time per level.
                   A        B        C        D        E       F      G
               +--------+--------+--------+--------+--------+-----+--------+
         Total |   2101 |   1980 |    121 |      0 |   1654 |   3 |  700.3 |
       Dungeon |   2101 |   1980 |    121 |      0 |   1654 |   3 |  700.3 |
               +--------+--------+--------+--------+--------+-----+--------+

Top non-repeatable levels by time:
     D:2: 1053 daAuts
     D:1: 888 daAuts
     D:3: 159 daAuts

Table legend:
 A = Non-vault XP
 B = Vault XP
 C = Vault XP percentage of total XP
 D = Non-vault monster count
 E = Vault monster count
 F = Vault count percentage of total count
                 A         B        C        D         E       F
            +---------+---------+-------+---------+---------+-------
      Total |     190 |       3 |   1.6 |      51 |       1 |   1.9
            +---------+---------+-------+---------+---------+-------
        D:1 |      60 |       0 |   0.0 |      20 |       0 |   0.0
        D:2 |      81 |       0 |   0.0 |      16 |       0 |   0.0
        D:3 |      49 |       3 |   5.8 |      15 |       1 |   6.2
            +---------+---------+-------+---------+---------+-------
